AoeStats
← PAYLOTO

Arena

510695955Analyzed
4v4 RM · 1d ago on Oct 2, 2026· 31m 41s· 8 players
Game mode
Random Map
Map size
Large (8 player)
Population
200
Speed
Normal
Resources
Standard
Victory
Conquest
Starting age
Dark Age
Ending age
Imperial Age
RankedLock teamsTeams togetherTeam positionsShared explorationLock speedFull tech treeHidden civsTurbo modeCheats
Victory
Defeat
🇨🇳 Burgundians · China
1382
+13
🇨🇳 Bohemians · China
1378
+13
🇨🇳 Cumans · China
1311
+16
🇨🇳 Saxons · China
1303
+16
🇨🇳 Spanish · China
1407
-19
🇻🇳 Hindustanis · Vietnam
1330
-15
🇲🇽 Dravidians · Mexico
1260
-12
🇨🇳 Poles · China
1248
-12
old f1sh
10:48 Feudal Age
14:28 Castle Age
12:57 Double-Bit Axe
13:45 Horse Collar
15:33 Bow Saw
22:56 Wheelbarrow
24:25 Gold Mining
25:01 Loom
29:19 Hand Cart
33:22 Imperial Age
theron
10:01 Feudal Age
13:46 Castle Age
13:06 Double-Bit Axe
13:48 Horse Collar
15:57 Bow Saw
22:20 Wheelbarrow
22:20 Bow Saw
23:21 Szlachta Privileges
24:11 Scale Barding Armor
24:19 Bloodlines
26:05 Forging
27:01 Scale Mail Armor
27:06 Loom
28:53 Chain Barding Armor
28:35 Heavy Plow
30:10 Iron Casting
32:10 Hand Cart
Quimimoshly06
10:29 Feudal Age
8:45 Loom
14:24 Castle Age
12:43 Double-Bit Axe
14:47 Town Watch
15:51 Bow Saw
25:21 Wheelbarrow
VN_BILL
10:52 Feudal Age
14:51 Castle Age
12:38 Double-Bit Axe
13:44 Horse Collar
15:55 Bow Saw
17:17 Wheelbarrow
20:00 Scale Barding Armor
22:00 Forging
22:13 Bloodlines
23:31 Chain Barding Armor
25:01 Hand Cart
25:42 Husbandry
26:42 Iron Casting
26:10 Fletching
26:20 Padded Archer Armor
27:39 Husbandry
PAYLOTO
10:02 Feudal Age
10:25 Feudal Age
12:18 Wheelbarrow
15:02 Castle Age
13:31 Horse Collar
13:42 Double-Bit Axe
14:23 Horse Collar
16:51 Horse Collar
18:06 Bow Saw
19:10 Town Watch
19:58 Loom
22:59 Fervor
29:28 Scale Mail Armor
29:38 Forging
31:20 Squires
30:50 Pikeman
聂灭知北
3:04 Double-Bit Axe
6:45 Horse Collar
11:52 Feudal Age
15:27 Castle Age
14:00 Bow Saw
14:14 Heavy Plow
16:35 Wheelbarrow
16:05 Light Cavalry
16:45 Husbandry
20:55 Hand Cart
22:09 Loom
21:52 Cavalier
22:54 Gold Mining
25:01 Gold Shaft Mining
24:16 Stone Mining
24:33 Scale Barding Armor
24:39 Forging
27:26 Iron Casting
27:14 Squires
26:36 Pikeman
27:01 Arson
31:00 Imperial Age
29:38 Chain Barding Armor
29:20 Scale Mail Armor
32:00 Conscription
31:03 Paladin
31:08 Capped Ram
TwT
10:03 Feudal Age
13:59 Castle Age
13:16 Double-Bit Axe
14:19 Arson
21:52 Squires
31:53 Wheelbarrow
XY
8:02 Feudal Age
8:47 Double-Bit Axe
8:48 Horse Collar
20:35 Castle Age
18:34 Gold Mining
20:02 Scale Barding Armor
20:07 Forging
21:29 Bloodlines
20:54 Capped Ram
23:27 Gold Shaft Mining
23:22 Chain Barding Armor
28:40 Wheelbarrow
27:51 Loom
29:16 Iron Casting
Connection lost

Rejoining the realm…

Still unreachable

The connection could not be restored.

Session expired

The server has moved on; the page needs a fresh start.